groovejumper, neutral female human Wizard ------------ --------- |...{......| ----------- ##........| |.......... |.........| # |.>.....| |........ |......<...### |.......| ..%.. --------------- |.........| |.......| -i- |.............| ##..........| --------- @ |.............| # |.........| # |..............### |.........| # --.------------ ----------- ### ##########[##########[################### # --)------- -----.--- |........| |.......| |........-# |......(| |.[......|####........| |........| --------- ---------- groovejumper the Thaumaturge Experience level: 6 Strength: 9 Dexterity: 16 Constitution: 11 Intelligence: 17 Wisdom: 12 Charisma: 10 Health: 0(48) Energy: 2(48) AC: 9 Gold: 548 Moves: 1354 Your Inventory: Coins $ - 548 gold pieces Weapons a - a blessed +1 quarterstaff (weapon in hands) Armor b - an uncursed +0 cloak of magic resistance (being worn) Comestibles p - an [uncursed] lichen corpse q - an [uncursed] food ration r - 2 [uncursed] tripe rations Scrolls i - an uncursed scroll of create monster j - an uncursed scroll of earth k - an uncursed scroll of magic mapping s - 2 [uncursed] scrolls labeled DAIYEN FOOELS [of identify] w - a [blessed] scroll labeled PRATYAVAYAH [of confuse monster] Spellbooks l - a blessed spellbook of force bolt m - an uncursed spellbook of create monster o - an [uncursed] spellbook of remove curse z - an [uncursed] spellbook of knock Potions f - a potion of holy water g - 2 uncursed potions of gain ability h - a blessed potion of oil n - a potion of [unholy] water t - an [uncursed] effervescent potion [of restore ability] v - a [cursed] viscous potion [of monster detection] x - an [uncursed] indigo potion [of extra healing] Rings d - an uncursed ring of polymorph e - a blessed +1 ring of adornment Wands c - an uncursed wand of lightning (0:4) Spells known in the end: Name Level Category Fail Memory a - force bolt 1 attack 0% [||||||||] b - create monster 2 clerical 51% [||||||||] c - remove curse 3 clerical 85% [||||||||] d - knock 1 matter 0% [||||||||] Your skills at the end: Fighting Skills Weapon Skills quarterstaff [Basic / Expert] Spellcasting Skills attack spells [Basic / Expert] enchantment spells [Basic / Skilled] Final Attributes: You were devoutly aligned. Hunger level was 140. Your alignment was 16 / 16. Monster difficulty range was 0 - 5. Level difficulty was 5. You were magic-protected. Your luck was zero. You are dead. Vanquished creatures: a kobold shaman 8 hill orcs a werejackal 3 manes a hobgoblin 4 giant rats 2 gnome zombies a gecko 5 jackals a fox a kobold 2 goblins 7 grid bugs 2 bats 2 lichens 41 creatures vanquished. Voluntary challenges: You were an atheist. You used a wielded weapon 32 times. You read items or engraved 5 times. You put on armor 1 time. You never genocided any monsters. You never polymorphed an object. You never changed form. You used no wishes. You wrote Elbereth's name 2 times. You never encountered a bones level. You never used any Sokoban shortcuts. Dungeon overview: The Dungeons of Doom: levels 1 to 5 Level 1 a long staircase Level 2 a fountain a long staircase Level 3 a sink Level 4 a fountain Level 5 <- You were here some fountains History has recorded: On T:1 you entered the Dungeons of Doom to retrieve the Amulet of Yendor! On T:357 you reached level 2 of The Dungeons of Doom. On T:378 you advanced to experience level 2. On T:581 you reached level 3 of The Dungeons of Doom. On T:677 you advanced to experience level 3. On T:838 you reached level 4 of The Dungeons of Doom. On T:982 you advanced to experience level 4. On T:1097 you reached level 5 of The Dungeons of Doom. On T:1160 you advanced to experience level 5. On T:1294 you advanced to experience level 6. Latest messages: The imp hits! [HP-1=18] You miss the imp. The imp hits! You are beginning to feel hungry. [HP-2=16] You hit the imp! The imp hits! You miss the imp. The imp hits! [HP-2=14] You miss the imp. The imp hits! [HP-4=10] You hit the imp. The imp hits! [HP-4=6] You miss the imp. The imp hits! The imp casts aspersions on your ancestry. [HP-3=3] You write "Elbereth" with your fingers into the dust. The imp hits! You die... Final status: Goodbye groovejumper the Wizard... You died in The Dungeons of Doom on dungeon level 5 with 1462 points, and 548 pieces of gold, after 1354 moves. You were level 6 with a maximum of 48 hit points when you died.